 Dungeon Crawl Stone Soup version 0.28.0-53-g5a82cb258f (webtiles) character file.

Game seed: 4168224915279569125

995 buhh the Chiller (level 8, 0/52 HPs)
             Began as an Octopode Transmuter on June 16, 2022.
             Slain by a phantom (4 damage)
             ... on level 5 of the Dungeon.
             The game lasted 00:15:47 (6080 turns).

buhh the Chiller (Octopode Transmuter)              Turns: 6080, Time: 00:15:48

Health: 0/52       AC:  5    Str:  9 (10) XL:     8   Next: 19%
Magic:  11/11      EV: 13    Int: 15 (17) God:
Gold:   266        SH:  0    Dex: 12      Spells: 1/11 levels left

rFire   . . .      SeeInvis .     - Unarmed
rCold   + . .      Faith    .   (no shield)
rNeg    . . .      Spirit   .   (helmet currently unavailable)
rPois   .          Reflect  .   e - amulet of magic regeneration
rElec   .          Harm     .   c - ring of resist corrosion
rCorr   +          Rampage  .   m - ring of willpower
Will    +....                   p - ring of protection from cold
Stlth   +++.......              a - +4 ring of protection
HPRegen 0.17/turn               (no ring)
MPRegen 0.52/turn               (no ring)
                                (no ring)
                                (no ring)

@: appendages
A: tentacle spike 3, almost no armour, amphibious, 8 rings, camouflage 1,
gelatinous body 1, (nimble swimmer 1), tentacles, evolution 1
a: End Transformation


You were on level 5 of the Dungeon.
One of your tentacles had grown a beastly spike.
You visited 1 branch of the dungeon, and saw 5 of its levels.

You collected 266 gold pieces.

Inventory:

Missiles
 q - 6 poisoned darts
Armour
 i - a +0 buckler
Jewellery
 a - a +4 ring of protection (on tentacle)
 c - a ring of resist corrosion (left tentacle)
 e - an amulet of magic regeneration (around mantle)
 k - a ring of ice
 m - a ring of willpower (right tentacle)
 p - a ring of protection from cold (on tentacle)
Scrolls
 b - a scroll of silence {!r}
 l - 3 scrolls of vulnerability
 o - a scroll of enchant armour {unknown}
 r - 2 scrolls of noise {unknown}
Potions
 h - a potion of attraction
 n - a potion of berserk rage {unknown}
 s - a potion of haste {unknown}


   Skills:
 - Level 3.0 Fighting
 - Level 2.0 Dodging
 - Level 1.0 Stealth
 - Level 5.0 Unarmed Combat
 - Level 2.0 Spellcasting
 - Level 5.3 Transmutations
 * Level 5.6 Ice Magic


You had one spell level left.
You knew the following spells:

 Your Spells              Type           Power      Damage    Failure   Level
a - Beastly Appendage     Tmut           34%        N/A       2%          1
b - Wereblood             Tmut           17%        N/A       3%          2
c - Spider Form           Tmut/Pois      9%         N/A       22%         3
d - Ice Form              Ice/Tmut       17%        N/A       24%         4

Your spell library contained the following spells:

 Spells                   Type           Power      Damage    Failure   Level
 Sandblast                Erth           2%         2d4       22%         1
 Passwall                 Tmut/Erth      7%         N/A       12%         2
 Static Discharge         Conj/Air       1%         N/A       32%         2
 Stone Arrow              Conj/Erth      2%         3d7       54%         3
 Lightning Bolt           Conj/Air       0%         1d11      99%         5
 Maxwell's Capacitive Co  Air            0%         ∞         100%        8


Dungeon Overview and Level Annotations

Branches:
Dungeon (5/15)
 Temple: D:4-7

Altars:
Makhleb

Annotations:
D:4 Pikel
D:5 exclusion: centaur


Innate Abilities, Weirdness & Mutations

One of your tentacles has grown a beastly spike.
You cannot wear most types of armour.
You are amphibious.
You can wear up to eight rings at the same time.
Your skin changes colour to match your surroundings (Stealth+).
Your rubbery body absorbs attacks. (AC +1, EV +1)
((You are camouflaged when in or above water. (Stealth+)))
You have tentacles for arms and can constrict up to eight enemies at once.
You have hidden genetic potential.


Message History

The phantom is moderately damaged.
Your transformation has ended.
The phantom hits you.
* * * LOW HITPOINT WARNING * * *
Casting: Wereblood (safe; 3% risk of failure)
Confirm with . or Enter, or press ? or * to list all spells.
Okay, then.
Casting: Beastly Appendage (safe; 2% risk of failure)
Press: ? - help, Q - select action, (/) - cycle Dir - look around, f - activate One of your tentacles grows a vicious spike.
The phantom barely misses you.
You tentacle-slap the shadow imp. Your grab misses the shadow imp.
The shadow imp is heavily wounded.
The shadow imp closely misses you.
A wraith comes into view.
You tentacle-slap the shadow imp. Your grab misses the shadow imp.
You pierce the shadow imp, but do no damage.
You tentacle-slap the shadow imp, but do no damage.
Your squeeze misses the shadow imp.
The shadow imp is severely wounded.
The phantom hits you!
* * * LOW HITPOINT WARNING * * *
The shadow imp closely misses you.
You barely miss the shadow imp.
The water moccasin hisses angrily.
You grab the shadow imp. You tentacle-slap the shadow imp.
Your squeeze misses the shadow imp.
The shadow imp is severely wounded.
You constrict the shadow imp. The phantom barely misses you.
The shadow imp hits you.
* * * LOW HITPOINT WARNING * * *
You tentacle-slap the shadow imp.
You kill the shadow imp!
The phantom closely misses you.
An iguana comes into view.
As you read the scroll labelled DYHUSU QIDWONN, it crumbles to dust.
It is a scroll of enchant weapon.
You aren't carrying any weapons that can be enchanted.
The phantom hits you.
You die...

............# .###.#.##..####
.........#.####..............#
.....#####.# #...#..#.##..##.#
...........###......#.##..##.#
###.########..............##.#
##.## #....#'#..##.######.#
#...# #.#..#_#..S..# #.####
#...# #.#..#'#W.##### #.....
#...# #.#....@..$.... ######
##...#####........#l.... #
.........#.##W#..## ... #
..................# . #
.........#.##..!.## #
#.....####.##.##.# # .......
#.##)##.# ## .......
#.......####### ##. .......#
####.####.....########..


You could see a wraith, a phantom, a water moccasin and an iguana (wandering).

Vanquished Creatures
  Grinder (D:4)
  An ice beast (D:5)
  A black bear (D:5)
  3 ogres
  A scorpion (D:5)
  3 hounds (D:5)
  2 orc wizards
  A scorpion zombie (D:5)
  4 adders
  A shadow imp (D:5)
  An ufetubus (D:5)
  2 worms
  7 orcs
  9 endoplasms
  3 giant cockroaches
  6 goblins
  7 hobgoblins
  5 jackals (D:3)
  3 quokkas
  6 ball pythons
  5 bats
  2 frilled lizards
  7 kobolds
  7 rats
88 creatures vanquished.

Notes
Turn   | Place    | Note
-------+----------+-------------------------------------------
     0 | D:1      | buhh the Octopode Transmuter began the quest for the Orb.
     0 | D:1      | Reached XP level 1. HP: 13/13 MP: 3/3
   609 | D:1      | Reached XP level 2. HP: 18/18 MP: 3/5
  1613 | D:2      | Reached XP level 3. HP: 24/24 MP: 6/6
  2234 | D:2      | Reached XP level 4. HP: 27/30 MP: 7/7
  3118 | D:4      | Noticed an ogre
  3953 | D:4      | Noticed Grinder
  3967 | D:5      | Entered Level 5 of the Dungeon
  4013 | D:5      | Noticed an ogre
  4031 | D:5      | Noticed a scorpion
  4041 | D:5      | Killed a scorpion
  4042 | D:5      | Reached XP level 5. HP: 11/36 MP: 8/8
  4195 | D:5      | Noticed an ice beast
  4217 | D:5      | Noticed a black bear
  4220 | D:5      | Identified a scroll of acquirement
  4220 | D:5      | Acquired a +4 ring of protection
  4225 | D:5      | Killed a black bear
  4226 | D:5      | Reached XP level 6. HP: 34/42 MP: 9/9
  4331 | D:4      | Paralysed by Grinder for 2 turns
  4424 | D:4      | Killed Grinder
  4425 | D:4      | Reached XP level 7. HP: 46/46 MP: 10/10
  4428 | D:4      | Learned a level 2 spell: Wereblood
  4432 | D:4      | Learned a level 3 spell: Spider Form
  4437 | D:4      | Learned a level 4 spell: Ice Form
  5436 | D:4      | Noticed Pikel
  5679 | D:5      | Gained mutation: You have hidden genetic potential. [potion
                  | of mutation]
  5680 | D:5      | HP: 2/46 [poisoned by a water moccasin]
  6058 | D:5      | Reached XP level 8. HP: 38/52 MP: 6/11
  6073 | D:5      | Found a burning altar of Makhleb.
  6076 | D:5      | Noticed a wraith
  6080 | D:5      | Slain by a phantom

Illustrated notes

Levels and vault maps discovered:
D:1:      sevenhm_arrival_forest_fort_small_4, layout_loops_ring,
          minmay_misc_feat_hallway
D:2:      layout_basic, minmay_misc_feat_four_crosses, amcnicky_mini_pool_small,
          st_stairs_11
D:3:      layout_loops_corners
D:4:      layout_basic, uniq_grinder, uniq_pikel
D:5:      black_bear_nest_1, layout_loops_cross, kennysheep_mini_moat

Skill      XL: |  1  2  3  4  5  6  7 |
---------------+----------------------+-----
Stealth        | 1 |  1.0
Fighting       | 2 3 |  3.0
Unarmed Combat | 4 5 |  5.0
Transmutations | 3 5 |  5.3
Ice Magic      | 5 |  5.6
Dodging        | |  2.0
Spellcasting   | |  2.0

Action                   |  1- 3 |  4- 6 |  7- 9 || total
-------------------------+-------+-------+-------++-------
Melee: Unarmed           |    86 |    53 |    99 ||   238
       Constrict         |    20 |    17 |     8 ||    45
       Kick              |    21 |    17 |    12 ||    50
       Tentacles         |    15 |    15 |     5 ||    35
       Punch             |     1 |     3 |     4 ||     8
 Cast: Beastly Appendage |    27 |    17 |     7 ||    51
       Spider Form       |       |       |     8 ||     8
  Use: Scroll            |       |     4 |     4 ||     8
       Potion            |       |     2 |     5 ||     7
 Stab: Sleeping          |     5 |     4 |       ||     9
Armor: Skin              |     3 |     2 |    14 ||    19
Dodge: Dodged            |    31 |    24 |    73 ||   128
